 Dungeon Crawl Stone Soup version 0.19.5 (webtiles) character file.

4457 JeffiDaFish the Covert (level 10, -2/46 HPs)
             Began as a Spriggan Conjurer on Nov 7, 2017.
             Was a Priest of Sif Muna.
             Slain by a small abomination (15 damage)
             ... on level 2 of the Abyss.
             The game lasted 00:37:17 (9474 turns).

JeffiDaFish the Covert (Spriggan Conjurer)          Turns: 9474, Time: 00:37:18

Health: -2/46      AC:  9    Str:  4    XL:     10   Next: 15%
Magic:  33/33      EV: 23    Int: 22    God:    Sif Muna [***...]
Gold:   329        SH:  3    Dex: 21    Spells: 6 memorised, 12 levels left

rFire  . . .     SeeInvis +     i - +3 dagger (drain)
rCold  . . .     Gourm    .     x - +1 steam dragon scales
rNeg   . . .     Faith    .     (shield restricted)
rPois  .         Spirit   .     (helmet restricted)
rElec  .         Reflect  +     v - +1 cloak {+Inv}
rCorr  .         Harm     .     (gloves unavailable)
MR     +....                    (boots unavailable)
Stlth  +++++.....               m - +3 amulet of reflection
                                j - +4 ring of intelligence
                                f - ring of magical power

@: very quick
A: unfitting armour, talons 1, see invisible, agile 1, herbivore 3, speed 3,
shaggy fur 1, slow metabolism 2
a: Divine Energy, Channel Magic, Renounce Religion, Evoke Invisibility


You were on level 2 of the Abyss.
You worshipped Sif Muna.
Sif Muna was most pleased with you.
You were very hungry.

You visited 2 branches of the dungeon, and saw 10 of its levels.
You visited the Abyss 1 time.
You also visited: Sewer.

You collected 329 gold pieces.

Inventory:

Hand Weapons
 i - a +3 dagger of draining (weapon)
Armour
 v - a +1 cloak of invisibility (worn)
 x - +1 steam dragon scales (worn)
Jewellery
 f - a ring of magical power (left hand)
 j - a +4 ring of intelligence (right hand)
 k - a +3 ring of dexterity
 m - a +3 amulet of reflection (around neck)
Wands
 u - a wand of acid (5/15)
Scrolls
 e - a scroll of fog
 g - 3 scrolls of identify
 l - 7 scrolls of teleportation
 n - a scroll of enchant weapon
 p - 2 scrolls of magic mapping
 q - 3 scrolls of blinking
 s - a scroll of fear
 t - 5 scrolls of remove curse
Potions
 d - 2 potions of curing
 h - a potion of flight
 o - 3 potions of agility
 r - a potion of might
Books
 b - a book of Conjurations

   Spells                             Type                      Level
   a - Magic Dart                     Conjuration                  1
   b - Searing Ray                    Conjuration                  2
   c - Dazzling Spray                 Conjuration/Hexes            3
   d - Fulminant Prism                Conjuration/Hexes            4
   e - Iskenderun's Mystic Blast      Conjuration                  4
   f - Iskenderun's Battlesphere      Conjuration/Charms           5
 w - a book of Cantrips

   Spells                             Type                      Level
   a - Confusing Touch                Hexes                        1
   b - Animate Skeleton               Necromancy                   1
   c - Summon Small Mammal            Summoning                    1
   d - Apportation                    Translocation                1
Comestibles
 c - a bread ration


   Skills:
 + Level 2.2 Fighting
 + Level 5.8 Short Blades
 + Level 6.8 Dodging
 + Level 10.0 Stealth
 + Level 9.4 Spellcasting
 + Level 6.1 Conjurations
 + Level 4.3 Hexes
 + Level 1.7 Necromancy


You had 12 spell levels left.
You knew the following spells:

 Your Spells              Type           Power        Failure   Level  Hunger
a - Magic Dart            Conj           ####         1%          1    None
b - Searing Ray           Conj           #####.       1%          2    None
c - Dazzling Spray        Conj/Hex       ####..       1%          3    None
d - Fulminant Prism       Conj/Hex       ####......   10%         4    ##.....
e - Iskenderun's Mystic   Conj           #####...     8%          4    ##.....
f - Animate Skeleton      Necr           N/A          3%          1    None


Dungeon Overview and Level Annotations

Branches:
Dungeon (10/15)            Temple (1/1) D:6
   Lair: D:8-11         Orc: D:9-12

Altars:
Ashenzari
Elyvilon
Fedhas
Gozag
Kikubaaqudgha
Makhleb
Nemelex Xobeh
Qazlal
Ru
Sif Muna
Uskayaw
Vehumet
Xom
Yredelemnul
Zin
Lugonu

Shops:
D:7 *

Annotations:
D:10 Sonja


Innate Abilities, Weirdness & Mutations

You are very small and have problems with some larger weapons.
You are too small for most types of armour.
You have supernaturally acute eyesight. (SInv)
You are a herbivore.
You cover ground extremely quickly.
You need consume almost no food.
You have sharp toenails.
You are agile. (Dex +2)
You are covered in fur. (AC +1)


Message History

You closely miss the small abomination. Your kick misses the small abomination.
The small abomination is severely damaged.
The small abomination hits you but does no damage.
You hit the small abomination but do no damage.
You claw the small abomination, but do no damage.
The small abomination is severely damaged.
The small abomination hits you!
* * * LOW HITPOINT WARNING * * *
You hit the small abomination but do no damage.
Your kick misses the small abomination.
The small abomination is severely damaged.
The small abomination closely misses you.
You hit the small abomination but do no damage.
Your kick misses the small abomination.
The small abomination is severely damaged.
The small abomination completely misses you.
You closely miss the small abomination.
The small abomination is severely damaged.
The small abomination hits you!
You die... t

.# . .
# #
.#..
.. #.
. # #.
. # #
# #
###
#.##..
#.
#.@#
##x##
##..#
###
### #
# ##


You could see a small abomination.

Vanquished Creatures
  An unseen horror (D:10)
  A troll (D:10)
  A hippogriff (D:8)
  A steam dragon (D:8)
  3 orc warriors
  2 sky beasts (D:7)
  A phantom (D:10)
  2 ice beasts
  A black bear (D:6)
  3 ogres
  A wolf (D:10)
  2 centaurs
  4 big kobolds
  3 bullfrogs
  5 scorpions
  2 howler monkeys
  2 crimson imps
  A bullfrog zombie (D:10)
  A jelly (D:6)
  3 hounds
  8 orc wizards
  9 orc priests
  Crazy Yiuf (D:4)
  A centaur skeleton (D:6)
  2 iguanas
  6 worker ants
  A mummy (D:6)
  A worker ant zombie (D:7)
  3 gnolls (D:5)
  8 adders
  3 river rats (Sewer)
  3 shadow imps
  2 oozes
  An adder zombie (D:8)
  2 adder skeletons
  4 worms
  3 dart slugs
  3 leopard geckos
  48 orcs
  5 bats
  11 giant cockroaches
  5 goblins
  5 hobgoblins
  4 jackals (D:2)
  8 quokkas
  3 ball pythons
  8 frilled lizards
  A jackal skeleton (D:4)
  20 kobolds
  A leopard gecko skeleton (D:5)
  7 rats
  A lurking horror (Abyss:2)
228 creatures vanquished.

Vanquished Creatures (collateral kills)
  An orc wizard (D:8)
  A worker ant zombie (D:8)
  An adder (D:8)
  2 orcs (D:8)
5 creatures vanquished.

Vanquished Creatures (others)
  4 fulminant prisms
4 creatures vanquished.

Grand Total: 237 creatures vanquished

Notes
Turn   | Place    | Note
-------+----------+-------------------------------------------
     0 | D:1      | JeffiDaFish the Spriggan Conjurer began the quest for the Orb.
     0 | D:1      | Reached XP level 1. HP: 9/9 MP: 5/5
   525 | D:1      | Reached XP level 2. HP: 12/13 MP: 1/6
   575 | D:1      | Learned a level 2 spell: Searing Ray
  1105 | D:2      | Noticed an air elemental
  1128 | D:2      | Reached XP level 3. HP: 16/16 MP: 8/8
  1175 | D:2      | Found an opulent altar of Gozag.
  1343 | D:2      | Found a burning altar of Makhleb.
  1343 | D:2      | Found a deep blue altar of Sif Muna.
  1348 | D:2      | Found a shattered altar of Ashenzari.
  1350 | D:2      | Found a blossoming altar of Fedhas.
  1352 | D:2      | Found a hide-covered altar of Uskayaw.
  1386 | D:2      | Became a worshipper of Sif Muna the Loreminder
  1538 | D:2      | Learned a level 3 spell: Dazzling Spray
  1624 | D:2      | Noticed a fire elemental
  1632 | D:2      | Found a stormy altar of Qazlal.
  1723 | D:2      | Noticed a water elemental
  1724 | D:2      | Noticed an earth elemental
  1885 | D:3      | Reached skill level 1 in Short Blades
  1885 | D:3      | Reached XP level 4. HP: 10/21 MP: 9/9
  2160 | D:3      | Found a faded altar of an unknown god.
  2606 | D:3      | Learned a level 4 spell: Fulminant Prism
  2777 | D:3      | Reached XP level 5. HP: 24/24 MP: 12/12
  2846 | D:3      | Reached skill level 4 in Stealth
  3411 | D:4      | Reached XP level 6. HP: 29/29 MP: 13/13
  3413 | D:4      | Found a radiant altar of Vehumet.
  3415 | D:4      | Reached * piety under Sif Muna
  3630 | D:4      | Reached skill level 1 in Hexes
  3664 | D:4      | Found a glowing drain.
  3711 | Sewer    | Entered a sewer
  3938 | Sewer    | Reached skill level 5 in Spellcasting
  3983 | Sewer    | Reached skill level 1 in Fighting
  3983 | Sewer    | Reached skill level 5 in Stealth
  3983 | Sewer    | Reached XP level 7. HP: 27/33 MP: 12/15
  4427 | D:4      | Found a sparkling altar of Nemelex Xobeh.
  4457 | D:4      | Learned a level 4 spell: Iskenderun's Mystic Blast
  4495 | D:4      | Found an ancient bone altar of Kikubaaqudgha.
  4662 | D:4      | Found a runed door.
  4666 | D:4      | Noticed Crazy Yiuf
  4673 | D:4      | Killed Crazy Yiuf
  4727 | D:5      | Entered Level 5 of the Dungeon
  5212 | D:5      | Reached skill level 6 in Stealth
  5262 | D:5      | Reached XP level 8. HP: 35/37 MP: 16/18
  5436 | D:5      | Reached skill level 5 in Conjurations
  5590 | D:5      | Reached ** piety under Sif Muna
  5988 | D:6      | Found a staircase to the Ecumenical Temple.
  6022 | D:5      | Reached skill level 5 in Dodging
  6131 | Temple   | Entered the Ecumenical Temple
  6201 | D:6      | Reached skill level 7 in Stealth
  7047 | D:6      | Reached XP level 9. HP: 37/42 MP: 21/21
  7514 | D:7      | Reached *** piety under Sif Muna
  7556 | D:7      | Found Rzotsyis's Retail Resort.
  7572 | D:7      | Reached skill level 5 in Short Blades
  7619 | D:7      | Gained mutation: You have sharp toenails. [potion of mutation]
  7619 | D:7      | Gained mutation: You are covered in fur. (AC +1) [potion of mutation]
  7619 | D:7      | Gained mutation: You are agile. (Dex +2) [potion of mutation]
  8020 | D:8      | Reached skill level 8 in Stealth
  8031 | D:8      | Learned a level 1 spell: Animate Skeleton
  8124 | D:8      | Reached skill level 9 in Stealth
  8621 | D:8      | Found a shimmering altar of Xom.
  8800 | D:8      | You fall through a shaft for 2 floors!
  8800 | D:10     | Entered Level 10 of the Dungeon
  8800 | D:10     | Noticed an unseen horror
  8817 | D:10     | Killed an unseen horror
  8817 | D:10     | Reached skill level 1 in Necromancy
  8861 | D:10     | Reached XP level 10. HP: 46/46 MP: 12/24
  8944 | D:10     | Noticed a cyclops
  8954 | D:10     | Noticed Sonja
  9180 | D:10     | Reached skill level 10 in Stealth
  9214 | D:10     | Cast into level 2 of the Abyss (Sonja)
  9381 | Abyss:2  | Noticed an apocalypse crab
  9474 | Abyss:2  | Slain by a small abomination

Skill      XL: |  1  2  3  4  5  6  7  8  9 10 |
---------------+-------------------------------+-----
Conjurations   | 3 4 5 6 |  6.1
Spellcasting   | 3 4 5 6 7 9 |  9.4
Short Blades   | 1 2 3 4 5 |  5.8
Stealth        | 4 5 6 7 9 10 | 10.0
Hexes          | 1 2 4 |  4.3
Fighting       | 1 2 |  2.2
Dodging        | 4 5 6 |  6.8
Necromancy     | 1 |  1.7

Action                   |  1- 3 |  4- 6 |  7- 9 | 10-12 || total
-------------------------+-------+-------+-------+-------++-------
Melee: Short sword       |    18 |       |       |       ||    18
       Dagger            |    17 |    57 |   302 |    65 ||   441
       Kick              |       |       |    26 |    18 ||    44
 Cast: Magic Dart        |    65 |    45 |    84 |     8 ||   202
       Searing Ray       |     6 |    16 |     8 |     3 ||    33
       Dazzling Spray    |       |    10 |    53 |    13 ||    76
       Iskenderun's Myst |       |       |    33 |     3 ||    36
       Animate Skeleton  |       |       |     9 |     6 ||    15
       Fulminant Prism   |       |       |     2 |     2 ||     4
  Use: Scroll            |     6 |     4 |     6 |       ||    16
       Potion            |     4 |     5 |     2 |       ||    11
 Stab: Sleeping          |     4 |     1 |     6 |       ||    11
       Invisible         |       |     4 |    13 |     4 ||    21
       Distracted        |       |       |     1 |     1 ||     2
  Eat: Bread ration      |       |     1 |     1 |       ||     2
Armor: Robe              |     1 |    12 |    25 |       ||    38
       Skin              |     1 |       |       |       ||     1
       Steam dragon scal |       |       |     5 |     7 ||    12
Dodge: Dodged            |    29 |    60 |   242 |    47 ||   378
Block: Other             |       |     6 |    26 |     7 ||    39
       Reflection        |       |       |     1 |       ||     1
